 Dungeon Crawl Stone Soup version 0.26.1-2-gb8aa6d0cf2 (webtiles) character file.

Game seed: 17338669622112996528

170 jlumianski the Skirmisher (level 5, -17/49 HPs)
             Began as a Palentonga Fighter on Mar 9, 2021.
             Blown up by an orc (30 damage)
             ... with a disintegration bolt
             ... on level 3 of the Dungeon.
             The game lasted 00:07:58 (3025 turns).

jlumianski the Skirmisher (Palentonga Fighter)      Turns: 3025, Time: 00:07:59

Health: -17/49     AC:  8    Str: 21    XL:     5   Next: 25%
Magic:  5/5        EV:  6    Int:  8    God:
Gold:   162        SH: 11    Dex:  9    Spells: 4/4 levels left

rFire    . . .     SeeInvis +   a - +0 war axe
rCold    . . .     Faith    .   e - +2 kite shield
rNeg     . . .     Spirit   .   b - +0 scale mail
rPois    .         Reflect  .   n - +2 hat
rElec    .         Harm     .   (no cloak)
rCorr    .         Rampage  .   (no gloves)
Will     .....                  (no barding)
Stlth    ..........             (no amulet)
HPRegen  0.16/turn              (no ring)
MPRegen  0.09/turn              (no ring)

@: no status effects
A: large, rugged brown scales 3, see invisible, deformed body, roll 1, armoured
tail
a: Rolling Charge


You were on level 3 of the Dungeon.
You visited 1 branch of the dungeon, and saw 4 of its levels.

You collected 162 gold pieces.

Inventory:

Hand Weapons
 a - a +0 war axe (weapon)
Missiles
 f - 44 stones (quivered)
Armour
 b - a +0 scale mail (worn)
 c - a +0 kite shield
 e - a +2 kite shield (worn)
 n - a +2 hat (worn)
Jewellery
 m - an uncursed amulet of magic regeneration
Scrolls
 g - a scroll of enchant armour {unknown}
 j - 2 scrolls of identify {unknown}
 k - a scroll of teleportation {unknown}
 l - a scroll of immolation {unknown}
 r - a scroll of remove curse {unknown}
Potions
 d - a potion of might
 h - a potion of haste {unknown}
 i - a potion of attraction {unknown}
 o - a potion of curing {unknown}
 p - a potion of heal wounds {unknown}
 q - a potion of degeneration {unknown}
 s - a potion of lignification {unknown}


   Skills:
 + Level 3.7 Fighting
 + Level 3.6 Axes
 + Level 3.0 Armour
 + Level 0.7 Dodging
 + Level 3.1 Shields


You had 4 spell levels left.
You didn't know any spells.
Your spell library was empty.

Dungeon Overview and Level Annotations

Branches:
Dungeon (4/15)
 Temple: D:4-7

Altars:


Innate Abilities, Weirdness & Mutations

You are completely covered in rugged brown scales. (AC +3, +7% HP)
You have supernaturally acute eyesight. (SInv)
Armour fits poorly on your strangely shaped body.
You can roll at nearby foes to attack.
You have a long armoured tail.


Message History

You slash the orc!
You kill the orc!
You closely miss the orc.
An orc comes into view. It is wielding a +0 flail.
You block the orc's attack.
The orc shouts!
You hit the orc but do no damage.
Your tail-slap misses the orc.
The orc is almost dead.
The orc zaps a wand.
You barely resist.
Your shield and scale mail prevent you from hitting the orc.
The orc is almost dead.
You block the orc's attack.
You hit the orc.
The orc is severely wounded.
You block the orc's attack.
You hit the orc.
You kill the orc!
You hit the orc but do no damage.
The orc zaps a wand.
You are blasted!
Ouch! That really hurt!
You die...

## ..... . .... ##
####### #. ... #.
......# #.####.. #.
......# #...... #.
......### #.....# ..
........# #...)o# #h
........# #..)@.# #S
...รท....#.###.#'###
#<
........#.........#
##
........#####.)...#
........# #.....##
........#####......#
#
...................#
.
......).............#
.
..#####..........#.##


You could see an orc.

Vanquished Creatures
  A bullfrog zombie (D:4)
  A worker ant zombie (D:4)
  4 adders
  A gnoll (D:3)
  2 oozes
  3 worms (D:2)
  A dart slug (D:2)
  A leopard gecko (D:1)
  5 orcs
  A ball python (D:2)
  A giant cockroach (D:2)
  4 goblins
  5 hobgoblins
  4 jackals (D:2)
  2 quokkas
  7 bats
  5 frilled lizards
  9 kobolds
  7 rats
64 creatures vanquished.

Notes
Turn   | Place    | Note
-------+----------+-------------------------------------------
     0 | D:1      | jlumianski the Palentonga Fighter began the quest for the
                  | Orb.
     0 | D:1      | Reached XP level 1. HP: 20/20 MP: 1/1
   183 | D:1      | Reached XP level 2. HP: 21/27 MP: 2/2
   791 | D:2      | Reached XP level 3. HP: 13/33 MP: 3/3
  1521 | D:2      | Found a faded altar of an unknown god.
  1690 | D:2      | Reached XP level 4. HP: 40/40 MP: 4/4
  2769 | D:4      | Reached XP level 5. HP: 22/49 MP: 5/5
  3025 | D:3      | Blown up by an orc

Illustrated notes

Levels and vault maps discovered:
D:1:      minmay_arrival_wavy_path, layout_rooms, minmay_ruptured
D:2:      cheibrodos_pilgrimage, layout_basic, chequers_ecumenical_altar_grove
D:3:      layout_basic, riverfiend_overflow_shadow_ancestor
D:4:      layout_basic, serial_undead, serial_undead_a, serial_undead_d,
          serial_undead_e, serial_undead_e, serial_undead_c, serial_undead_f,
          serial_undead_d, hangedman_decor_peaks_small, minmay_starry_boxes,
          uniq_ijyb

Skill      XL: |  1  2  3  4  5 |
---------------+----------------+-----
Axes           | 3 |  3.6
Shields        | 3 |  3.1
Armour         | 3 |  3.0
Fighting       | |  3.7
Dodging        | |  0.7

Action                   |  1- 3 |  4- 6 || total
-------------------------+-------+-------++-------
Melee: War axe           |   132 |    72 ||   204
       Tailslap          |     9 |     8 ||    17
 Abil: Rolling Charge    |    16 |    11 ||    27
Armor: Scale mail        |    87 |    40 ||   127
Dodge: Dodged            |    29 |    19 ||    48
Block: Kite shield       |    97 |    60 ||   157
